 Dungeon Crawl Stone Soup version 0.22.1-1-ga44c0e56f4 (webtiles) character file.

6107 AlolanVulpixel the Spear-Bearer (level 10, -3/77 HPs)
             Began as a Demonspawn Chaos Knight on Oct 6, 2018.
             Slain by a queen bee (12 damage)
             ... on level 9 of the Dungeon.
             The game lasted 00:20:32 (7338 turns).

AlolanVulpixel the Spear-Bearer (DsCK)              Turns: 7338, Time: 00:20:34

Health: -3/77      AC: 12    Str: 21    XL:     10   Next: 58%
Magic:  19/19      EV:  3    Int: 14    God:    Xom [...*..]
Gold:   662        SH: 20    Dex: 13    Spells: 9/9 levels left

rFire    + . .     SeeInvis .   p - +3 demon trident (flame)
rCold    . . .     Gourm    .   h - +1 large shield
rNeg     . . .     Faith    .   n - +0 plate armour
rPois    .         Spirit   .   (helmet restricted)
rElec    .         Reflect  +   B - scarf {cloud immunity}
rCorr    .         Harm     .   q - +0 pair of gloves
MR       ++...     Clarity  +   l - +0 pair of boots
Stlth    ..........             e - amulet "Rat Umip" {Reflect Fragile +Blink MP+9 Str+4 SH+3}
HPRegen  0.62/turn              t - ring of protection from fire
MPRegen  0.16/turn              d - ring of stealth (curse)

@: lethally poisoned (-3 -> -7)
A: claws 1, hooves 2, horns 1, molten scales 1, clarity, deformed body, magic
resistance 2, mutation resistance 1, sense surroundings 1, regeneration 1, spiny
2, strong 1, wild magic 2, MP-powered wands
a: Renounce Religion, Evoke Blink


You were on level 9 of the Dungeon.
You worshipped Xom.
You were a favourite toy of Xom.
You were not hungry.

You visited 1 branch of the dungeon, and saw 9 of its levels.

You collected 662 gold pieces.

Inventory:

Hand Weapons
 a - a +1 spear of chaos
 p - a +3 demon trident of flaming (weapon)
Missiles
 j - 12 tomahawks (quivered)
Armour
 h - a +1 large shield (worn)
 l - a +0 pair of boots (worn)
 n - a +0 plate armour (worn)
 q - a +0 pair of gloves (worn)
 B - a scarf of cloud immunity (worn)
Jewellery
 d - a cursed ring of stealth (right hand)
 e - the amulet "Rat Umip" (around neck) {Reflect Fragile +Blink MP+9 Str+4 SH+3}
   (You found it on level 4 of the Dungeon)

   [amulet of reflection]

   It shields you and reflects attacks.
   It affects your strength (+4).
   It affects your magic capacity (+9).
   It lets you blink.
   It will be destroyed if unequipped.
   It affects your SH (+3).
 t - a ring of protection from fire (left hand)
Wands
 b - a wand of iceblast (6)
 g - a wand of enslavement (16)
 i - a wand of polymorph (16)
 m - a wand of digging (17)
Scrolls
 o - 2 scrolls of enchant armour
 r - 4 scrolls of identify
 s - 2 scrolls of teleportation
 u - a scroll of torment {unknown}
 v - a scroll of silence {unknown}
 w - a scroll of blinking {unknown}
 x - 2 scrolls of remove curse
 y - a scroll of fog {unknown}
 C - a scroll of noise {unknown}
Potions
 f - a potion of magic
 k - a potion of might
 z - a potion of resistance {unknown}
 A - a potion of curing
Comestibles
 c - 5 rations


   Skills:
 + Level 6.5 Fighting
 + Level 9.5 Polearms
 + Level 0.3 Throwing
 + Level 6.2 Armour
 + Level 1.5 Dodging
 + Level 2.9 Stealth
 + Level 7.5 Shields
 + Level 0.3 Evocations


You had 9 spell levels left.
You didn't know any spells.
Your spell library contained the following spells:

 Spells                   Type           Power        Failure   Level  Hunger
 Confusing Touch          Hex            #.....       100%        1    ##.....
 Confuse                  Hex            #.......     100%        3    ####...
 Gell's Gravitas          Tloc           #.........   100%        3    ####...
 Petrify                  Tmut/Erth      #.......     100%        4    #####..
 Irradiate                Conj/Tmut      #.........   100%        5    ######.
 Metabolic Englaciation   Hex/Ice        #.........   100%        5    ######.
 Yara's Violent Unravell  Hex/Tmut       #.........   100%        5    ######.
 Hydra Form               Tmut           #.........   100%        6    #######
 Statue Form              Tmut/Erth      #........    100%        6    #######
 Dragon Form              Tmut           #.........   100%        7    #######


Dungeon Overview and Level Annotations

Branches:
Dungeon (9/15)             Temple (0/1) D:4
   Lair: D:8-11         Orc: D:9-12

Altars:
Cheibriados
Makhleb
Ru
Xom
Zin

Shops:
D:4 :   D:6 }*[=


Innate Abilities, Weirdness & Mutations

You have hoof-like feet.
You are partially covered in molten scales. (AC +2)
You are mostly covered in sharp spines.
You have sharp fingernails.
You have a pair of small horns on your head.
You possess an exceptional clarity of mind.
Armour fits poorly on your strangely shaped body.
You are highly resistant to hostile enchantments. (MR++)
You are somewhat resistant to further mutation.
You passively map a small area around you.
Your natural rate of healing is unusually fast.
Your muscles are strong. (Str +2)
Your spells are harder to cast, but more powerful.
You expend magic power (3 MP) to strengthen your wands.


Message History

The killer bee is struck by your spines.
The killer bee stings you but does no damage.
A killer bee comes into view.
You block the queen bee's attack. You block the killer bee's attack.
The killer bee buzzes angrily.
You hit the queen bee but do no damage. You headbutt the queen bee.
The queen bee is severely wounded.
You feel sick.
The killer bee is struck by your spines.
The killer bee stings you!
* * * LOW HITPOINT WARNING * * *
You are more poisoned.
The killer bee poisons you! You block the killer bee's attack. x2
The killer bee stings you.
* * * LOW HITPOINT WARNING * * *
The killer bee is struck by your spines.
The killer bee stings you but does no damage.
The killer bee completely misses you. The queen bee stings you!
You die...
Xom snickers!

* * *
* * ,
* , ,
,, *
**##
* ,*
#y#
##, *
#y#y#
, ,
#@# *
*,
#y#y#
,#y#
## *
#.# *
, *
#.#*
, **
.__ *
* *
.._,
,, *
#., *
,


You could see a queen bee and 5 killer bees.

Vanquished Creatures
  Harold (D:8)
  An ugly thing (D:7)
  Prince Ribbit (D:8)
  2 hippogriffs
  2 hungry ghosts (D:8)
  A warg (shapeshifter) (D:5)
  4 orc warriors
  An ice beast (D:7)
  Duvessa (D:6)
  A sky beast (D:7)
  A phantom (D:7)
  4 ogres
  A centaur (D:8)
  2 bullfrogs
  A gnoll sergeant (D:6)
  A wyvern skeleton (D:6)
  Dowan (D:6)
  4 scorpions
  10 killer bees
  2 howler monkeys
  A centaur zombie (D:7)
  4 crimson imps
  2 hounds
  2 jellies (D:6)
  A bullfrog zombie (D:5)
  4 orc priests
  2 bullfrog skeletons (D:5)
  8 orc wizards
  3 iguanas
  3 worker ants
  A killer bee zombie (D:7)
  A hound skeleton (D:8)
  9 gnolls
  8 adders
  2 oozes
  2 adder zombies
  2 worms (D:3)
  A dart slug (D:5)
  6 leopard geckos
  24 orcs
  4 giant cockroaches
  7 goblins
  9 hobgoblins
  15 jackals
  4 quokkas
  A ball python (D:6)
  5 bats
  2 frilled lizards
  A jackal skeleton (D:7)
  10 kobolds
  A leopard gecko skeleton (D:6)
  A quokka skeleton (D:7)
  13 rats
201 creatures vanquished.

Vanquished Creatures (collateral kills)
  The ghost of bonsai the Changer, a novice DrTm of Kikubaaqudgha (D:7)
  A gnoll sergeant (D:4)
  A killer bee (D:8)
  An orc priest (D:4)
  A quokka (D:4)
5 creatures vanquished.

Vanquished Creatures (others)
  A centaur (D:8)
  4 gnolls (D:3)
5 creatures vanquished.

Grand Total: 211 creatures vanquished

Notes
Turn   | Place    | Note
-------+----------+-------------------------------------------
     0 | D:1      | AlolanVulpixel the Demonspawn Chaos Knight began the quest
                  | for the Orb.
     0 | D:1      | Reached XP level 1. HP: 18/18 MP: 1/1
   105 | D:1      | XOM: harmless Summ miscast
   197 | D:1      | XOM: harmless Hex miscast
   250 | D:1      | Reached skill level 3 in Polearms
   258 | D:1      | XOM: divination: detect creatures
   293 | D:1      | Gained mutation: You are partially covered in sharp spines.
                  | [demonic ancestry]
   293 | D:1      | Reached XP level 2. HP: 24/24 MP: 2/2
   663 | D:1      | XOM: divination: magic mapping
   841 | D:1      | XOM: harmless Chrm miscast
   924 | D:1      | XOM: divination: magic mapping
  1060 | D:2      | Reached skill level 1 in Dodging
  1109 | D:2      | Reached XP level 3. HP: 26/29 MP: 3/3
  1124 | D:2      | XOM: harmless Chrm miscast
  1456 | D:2      | Gained mutation: You possess an exceptional clarity of
                  | mind. [potion of mutation]
  1456 | D:2      | Gained mutation: Armour fits poorly on your strangely
                  | shaped body. [potion of mutation]
  1456 | D:2      | Gained mutation: Your spells are a little harder to cast,
                  | but a little more powerful. [potion of mutation]
  1456 | D:2      | Gained mutation: You are partially covered in molten
                  | scales. (AC +2) [potion of mutation]
  1647 | D:3      | XOM: polymorph giant cockroach -> bat
  1660 | D:3      | XOM: divine lightning
  1769 | D:2      | XOM: god gift: 22 gold pieces
  1889 | D:3      | Found a glowing silver altar of Zin.
  1908 | D:3      | Gained mutation: You have large cloven feet. [demonic
                  | ancestry]
  1908 | D:3      | Reached XP level 4. HP: 29/35 MP: 4/4
  1979 | D:3      | XOM: scenery: create altars
  2761 | D:3      | XOM: give mutations
  2761 | D:3      | Gained mutation: You expend magic power (3 MP) to
                  | strengthen your wands. [Xom's grace]
  2761 | D:3      | Gained mutation: You are resistant to hostile enchantments.
                  | (MR+) [Xom's grace]
  3036 | D:4      | Reached skill level 1 in Shields
  3036 | D:4      | Mutation became permanent: You are partially covered in
                  | molten scales. (AC +2) [demonic ancestry]
  3036 | D:4      | Gained mutation: You are partially covered in molten
                  | scales. (AC +2) [demonic ancestry]
  3036 | D:4      | Reached XP level 5. HP: 18/41 MP: 5/5
  3214 | D:4      | XOM: 1-stop teleportation journey
  3455 | D:4      | Got a clouded tin amulet
  3456 | D:4      | Identified the amulet "Rat Umip" {Reflect Fragile +Blink
                  | MP+9 Str+4 SH+3} (You found it on level 4 of the Dungeon)
  3484 | D:4      | Found a staircase to the Ecumenical Temple.
  3677 | D:4      | Found Fouxkauj's Book Shoppe.
  3742 | D:4      | Found a sacrificial altar of Ru.
  3806 | D:4      | XOM: give mutations
  3806 | D:4      | Gained mutation: You are somewhat resistant to further
                  | mutation. [Xom's grace]
  3806 | D:4      | Gained mutation: Your muscles are strong. (Str +2) [Xom's
                  | grace]
  3806 | D:4      | Gained mutation: Your spells are harder to cast, but more
                  | powerful. [Xom's grace]
  3806 | D:4      | Gained mutation: Your natural rate of healing is unusually
                  | fast. [Xom's grace]
  3880 | D:4      | XOM: give mutations
  3880 | D:4      | Gained mutation: You have a pair of small horns on your
                  | head. [Xom's grace]
  3880 | D:4      | Gained mutation: You have sharp fingernails. [Xom's grace]
  3932 | D:4      | XOM: give mutation
  3932 | D:4      | Gained mutation: You passively map a small area around you.
                  | [Xom's grace]
  3957 | D:4      | XOM: harmless Fire miscast
  3989 | D:4      | XOM: summons 2 hostile demons
  4269 | D:5      | Entered Level 5 of the Dungeon
  4281 | D:5      | Noticed a wyvern
  4281 | D:5      | a worm changed into a wyvern
  4281 | D:5      | XOM: polymorph worm -> wyvern
  4289 | D:5      | Noticed a warg
  4289 | D:5      | a wyvern changed into a warg
  4298 | D:5      | Killed a warg
  4298 | D:5      | Reached skill level 4 in Polearms
  4298 | D:5      | Reached XP level 6. HP: 29/47 MP: 6/6
  4364 | D:4      | XOM: blink monster(s)
  4369 | D:4      | XOM: silly message
  4370 | D:4      | XOM: summons 6 friendly demons
  4494 | D:5      | Reached skill level 1 in Stealth
  4560 | D:4      | XOM: summons friendly quasit
  4701 | D:5      | Reached XP level 7. HP: 31/53 MP: 7/7
  4793 | D:5      | XOM: cloud trail
  4825 | D:5      | XOM: god gift: knobbly smoking staff {god gift}
  4850 | D:5      | Reached skill level 5 in Polearms
  5122 | D:5      | XOM: torment (20/54 hp)
  5209 | D:5      | Reached XP level 8. HP: 60/60 MP: 8/8
  5452 | D:6      | Found Goesisox's Gadget Emporium.
  5453 | D:6      | Found Axuas's Assorted Antiques.
  5512 | D:6      | XOM: polymorph bullfrog -> howler monkey
  5533 | D:6      | XOM: god gift: scroll labeled JAJUGAFUNY {god gift}
  5543 | D:6      | Found Fietaptu's Jewellery Shop.
  5544 | D:6      | Identified a scroll of acquirement
  5604 | D:6      | Found Alintaho's Armour Boutique.
  5643 | D:6      | Noticed Dowan
  5644 | D:6      | Noticed Duvessa
  5646 | D:6      | Reached skill level 6 in Polearms
  5646 | D:6      | Reached skill level 5 in Shields
  5649 | D:6      | Killed Dowan
  5658 | D:6      | Killed Duvessa
  5818 | D:6      | XOM: harmless Summ miscast
  5826 | D:6      | Reached skill level 5 in Armour
  6063 | D:6      | Found a burning altar of Makhleb.
  6195 | D:7      | Gained mutation: You are mostly covered in sharp spines.
                  | [demonic ancestry]
  6195 | D:7      | Reached XP level 9. HP: 67/67 MP: 9/9
  6217 | D:7      | XOM: mild Summ miscast
  6225 | D:7      | Reached skill level 5 in Fighting
  6231 | D:7      | XOM: potion effect (berserk rage)
  6288 | D:7      | Reached skill level 7 in Polearms
  6400 | D:7      | Found a transporter.
  6401 | D:7      | Noticed bonsai's ghost (novice DrTm)
  6418 | D:7      | Found a transporter.
  6420 | D:7      | XOM: enchant monster (good)
  6428 | D:7      | Killed bonsai's ghost
  6483 | D:7      | Reached skill level 8 in Polearms
  6563 | D:7      | Noticed a brown ugly thing
  6571 | D:7      | Killed a brown ugly thing
  6619 | D:7      | Gained mutation: You have hoof-like feet. [demonic
                  | ancestry]
  6619 | D:7      | Reached XP level 10. HP: 76/76 MP: 10/10
  6645 | D:7      | Found a snail-covered altar of Cheibriados.
  6775 | D:8      | Noticed Prince Ribbit
  6779 | D:8      | Killed Prince Ribbit
  6831 | D:8      | XOM: 1-stop teleportation journey
  6835 | D:8      | XOM: scenery: create altars
  6891 | D:8      | XOM: god gift: embroidered scarf {god gift}
  6962 | D:8      | Noticed Harold
  6980 | D:8      | Killed Harold
  6980 | D:8      | Reached skill level 9 in Polearms
  7068 | D:8      | XOM: give mutation
  7068 | D:8      | Gained mutation: You are highly resistant to hostile
                  | enchantments. (MR++) [Xom's grace]
  7114 | D:8      | XOM: confuse monster(s)
  7125 | D:8      | Found a snail-covered altar of Cheibriados.
  7323 | D:9      | XOM: 2-stop teleportation journey
  7329 | D:9      | XOM: scenery: create altars
  7338 | D:9      | Slain by a queen bee

Skill      XL: |  1  2  3  4  5  6  7  8  9 10 |
---------------+-------------------------------+-----
Armour         | 2 3 4 5 6 |  6.2
Polearms       | 3 4 5 6 8 9 |  9.5
Dodging        | 1 |  1.5
Shields        | 1 2 3 4 5 6 7 |  7.5
Stealth        | 1 2 |  2.9
Fighting       | 4 5 6 |  6.5
Throwing       | |  0.3
Evocations     | |  0.3

Action                   |  1- 3 |  4- 6 |  7- 9 | 10-12 || total
-------------------------+-------+-------+-------+-------++-------
Melee: Spear             |   112 |   185 |   128 |       ||   425
       Kick              |       |     8 |       |       ||     8
       Headbutt          |       |    19 |    53 |    19 ||    91
       Demon trident     |       |       |   180 |   105 ||   285
Throw: Tomahawk          |    11 |       |       |       ||    11
 Abil: Evoke Blink       |       |       |     1 |       ||     1
  Use: Scroll            |     4 |     5 |     3 |       ||    12
       Potion            |     2 |     3 |     3 |       ||     8
 Stab: Paralysed         |     3 |       |       |       ||     3
       Distracted        |       |     1 |     1 |       ||     2
       Confused          |       |       |     2 |     3 ||     5
       Fleeing           |       |       |     1 |       ||     1
       Sleeping          |       |       |       |     1 ||     1
  Eat: Ration            |     1 |     3 |     2 |     1 ||     7
       Chunk             |       |     1 |       |       ||     1
Armor: Ring mail         |     8 |       |       |       ||     8
       Plate armour      |    16 |    63 |    52 |    40 ||   171
Dodge: Dodged            |    16 |     3 |    10 |    13 ||    42
Block: Large shield      |    29 |   145 |   203 |    92 ||   469
       Reflection        |       |       |     5 |     8 ||    13
